AoeStats
← CHRISTO LE ROI8

Arena

507975169Analyzed
1v1 RM · 12d ago on Sep 20, 2026· 55m 48s· 2 players
Game mode
Random Map
Map size
Tiny (2 player)
Population
200
Speed
Normal
Resources
Standard
Victory
Conquest
Starting age
Dark Age
Ending age
Imperial Age
RankedLock teamsTeams togetherTeam positionsShared explorationLock speedFull tech treeHidden civsTurbo modeCheats
Victory
Defeat
🇹🇼 Franks · Taiwan
990
+17
🇫🇷 Romans · France
1009
-17
QOO
11:06 Feudal Age
15:02 Castle Age
13:44 Double-Bit Axe
16:15 Bow Saw
18:05 Wheelbarrow
21:22 Gold Mining
22:59 Gold Shaft Mining
24:36 Stone Mining
25:06 Fervor
25:19 Sanctity
25:51 Hand Cart
25:22 Loom
25:23 Town Watch
26:43 Scale Barding Armor
26:21 Pikeman
27:00 Loom
30:09 Imperial Age
28:16 Forging
28:27 Chain Barding Armor
29:42 Iron Casting
29:51 #83
29:37 Scale Mail Armor
29:59 Husbandry
30:34 Cavalier
31:52 Plate Barding Armor
32:18 Blast Furnace
32:24 Paladin
33:48 Chain Mail Armor
33:54 Town Patrol
34:18 Conscription
34:46 Fortified Wall
34:47 Masonry
34:32 Murder Holes
34:59 Ballistics
35:13 Light Cavalry
36:11 Fletching
36:40 Chivalry
37:13 Herbal Medicine
37:35 Block Printing
37:46 Illumination
38:36 Bodkin Arrow
39:17 Devotion
39:55 Theocracy
38:55 Capped Ram
40:37 Chemistry
40:08 Architecture
44:07 Siege Engineers
45:06 Hoardings
46:19 Elite Throwing Axeman
47:31 Plate Mail Armor
47:02 Padded Archer Armor
51:14 Leather Archer Armor
CHRISTO LE ROI8
11:41 Feudal Age
12:18 Double-Bit Axe
15:01 Wheelbarrow
20:08 Castle Age
18:24 Scale Mail Armor
18:34 Stone Mining
18:42 Horse Collar
19:46 Gold Mining
20:10 Forging
21:12 Bow Saw
21:39 Heavy Plow
23:42 Squires
23:52 Pikeman
26:16 Hand Cart
30:57 Imperial Age
29:00 Chain Mail Armor
29:28 Gold Shaft Mining
30:28 Iron Casting
30:43 Ballistics
32:47 Chemistry
32:16 Heavy Scorpion
33:09 Halberdier
34:14 Conscription
35:55 Blast Furnace
36:35 Ballistas
38:00 Crop Rotation
51:13 Light Cavalry
52:04 Bloodlines
Connection lost

Rejoining the realm…

Still unreachable

The connection could not be restored.

Session expired

The server has moved on; the page needs a fresh start.